 Dungeon Crawl Stone Soup version 0.32-a0-20-ge526923d97 (webtiles) character file.

Game seed: 16821730120367475199

2254748 hikkokomori the Slayer (level 26, 189/221 HPs)
             Began as a Grey Draconian Gladiator on Jan 17, 2024.
             Was an Initiate of Gozag.
             Escaped with the Orb
             ... and 4 runes!
             The game lasted 03:54:05 (73325 turns).

hikkokomori the Slayer (Grey Draconian Gladiator)  Turns: 73325, Time: 03:54:05

Health: 189/221    AC: 31    Str: 15    XL:     26   Next: 73%
Magic:  41/41      EV: 31    Int: 13    God:    Gozag
Gold:   1360       SH: 42    Dex: 34    Spells: 30/43 levels left

rFire   + . .        F - +9 demon blade (freeze)
rCold   + + .        E - +10 tower shield of Ignorance {rN+ Int-4}
rNeg    + . .        (body armour unavailable)
rPois   +            b - +2 hat {Stlth+}
rElec   .            K - +3 cloak of Zuff {rPois Str+4}
rCorr   .            R - +5 pair of gloves "Cergh" {rC- MP+9 Int+2}
SInv    +            W - +1 pair of boots {Fly}
Will    ++...        L - amulet "Urox" {Reflect rC+ Str-5 Int+3 SH+5}
Stlth   ++           A - ring of Reckouh {rPois rF+ Dex+8 SInv Stlth-}
HPRegen 0.56/turn    k - ring of Udooprot {Wiz rC+ Will+ Dex+4 Stlth-}
MPRegen 0.27/turn

%: reflection, wizardry (x1)
@: on berserk cooldown, flying, slowed, studying 2 skills, very slow
A: AC +17, amphibious, unfitting armour, cold-blooded, beak, cold resistance 1,
frail 1, low MP 1, passive freeze, wild magic 1, inability to read after injury
1
0: Orb of Zot
}: 4/15 runes: decaying, serpentine, slimy, silver
a: Renounce Religion, Potion Petition, Call Merchant, Bribe Branch


You escaped.
You worshipped Gozag.
Gozag was most pleased with you.
You visited 11 branches of the dungeon, and saw 53 of its levels.
You visited the Abyss 1 time.
You visited 1 bazaar.
You also visited: Trove, Gauntlet and Desolation.

You collected 31347 gold pieces.
You spent 8323 gold pieces at shops.
You paid 21664 gold pieces to Gozag.

Inventory:

Hand Weapons
 v - the +9 staff of Olgreb {rPois∞}
   (You found it on level 5 of the Dungeon)

   Radiate:   It can be activated via the 'a'bility menu to radiate toxic
   energy, with effectiveness depending on Evocations skill.
   Alch:      It enhances your alchemy magic.
   rPois∞: It grants immunity to poison.
 F - a +9 demon blade of freezing (weapon)
 J - the +0 demon blade of Immorality {drain, rElec rC++ SInv Stlth-}
   (You found it on level 3 of the Depths)

   rC++:      It greatly protects you from cold.
   rElec:     It insulates you from electricity.
   SInv:      It lets you see invisible.
   Stlth-:    It makes you less stealthy.
 S - a +4 hand cannon of draining
Missiles
 d - 2 throwing nets
 h - 12 curare-tipped darts
 r - 19 silver javelins (quivered)
 y - 22 atropa-tipped darts
 U - 20 javelins
Armour
 b - a +2 hat of stealth (worn)
 E - the +10 tower shield of Ignorance (worn) {rN+ Int-4}
   (You bought it in a shop on level 1 of the Lair of Beasts)

   Int-4:     It affects your intelligence (-4).
   rN+:       It protects you from negative energy.
 K - the +3 cloak of Zuff (worn) {rPois Str+4}
   (You found it on level 5 of the Lair of Beasts)

   Str+4:     It affects your strength (+4).
   rPois:     It protects you from poison
 R - the +5 pair of gloves "Cergh" (worn) {rC- MP+9 Int+2}
   (You found it in a Gauntlet)

   Int+2:     It affects your intelligence (+2).
   rC-:       It makes you vulnerable to cold.
   MP+9:      It affects your magic capacity (+9).
 W - a +1 pair of boots of flying (worn)
 Z - +9 gold dragon scales
Jewellery
 k - the ring of Udooprot (right hand) {Wiz rC+ Will+ Dex+4 Stlth-}
   (You found it in a treasure trove)

   [ring of wizardry]

   Wiz:       It improves your spell success rate.
   Dex+4:     It affects your dexterity (+4).
   rC+:       It protects you from cold.
   Will+:     It increases your willpower.
   Stlth-:    It makes you less stealthy.
 m - the necklace of Bloodlust {Fury *Rage Will++ Int-3 Slay+6}
   (You bought it in a shop in a bazaar)

   [amulet of nothing]

   Fury:      It extends the wearer's berserk rage when killing foes.
   Int-3:     It affects your intelligence (-3).
   Slay+6:    It affects your accuracy & damage with ranged weapons and melee
   (+6).
   Will++:    It greatly increases your willpower.
   *Rage:     It berserks you when you make melee attacks (+50% chance).
 A - the ring of Reckouh (left hand) {rPois rF+ Dex+8 SInv Stlth-}
   (You found it in a treasure trove)

   [ring of protection from fire]

   Dex+8:     It affects your dexterity (+8).
   rF+:       It protects you from fire.
   rPois:     It protects you from poison SInv: It lets you see invisible.
   Stlth-:    It makes you less stealthy.
 I - the ring of Xasack {rF+ rC+ EV+5 Int+4 Dex-3}
   (You acquired it on level 3 of the Realm of Zot)

   [ring of evasion]

   EV+5:      It affects your evasion (+5).
   Int+4:     It affects your intelligence (+4).
   Dex-3:     It affects your dexterity (-3).
   rF+:       It protects you from fire.
   rC+:       It protects you from cold.
 L - the amulet "Urox" (around neck) {Reflect rC+ Str-5 Int+3 SH+5}
   (You bought it in a shop on level 5 of the Vaults)

   [amulet of reflection]

   Reflect:   It reflects blocked missile attacks.
   Str-5:     It affects your strength (-5).
   Int+3:     It affects your intelligence (+3).
   rC+:       It protects you from cold.
   SH+5:      It affects your SH (+5).
 M - the ring of Xom's Capriciousness {Str-2 Dex+6 Slay+4}
   (You bought it in a shop on level 3 of the Snake Pit)

   [ring of slaying]

   Str-2:     It affects your strength (-2).
   Dex+6:     It affects your dexterity (+6).
   Slay+4:    It affects your accuracy & damage with ranged weapons and melee
   (+4).
 P - the amulet of Mysticism {Regen+ Str+4}
   (You found it on level 5 of the Lair of Beasts)

   [amulet of regeneration]

   Str+4:     It affects your strength (+4).
   Regen+:    It increases your rate of health regeneration.
Wands
 a - a wand of paralysis (39)
 z - a wand of mindburst (36)
 B - a wand of digging (14)
 C - a wand of roots (61)
 V - a wand of quicksilver (10)
Scrolls
 e - 5 scrolls of enchant weapon
 i - 7 scrolls of amnesia
 o - 18 scrolls of teleportation
 s - a scroll of enchant armour
 x - 20 scrolls of fog
 D - 3 scrolls of butterflies
 G - 12 scrolls of fear
 H - 6 scrolls of revelation
 O - 3 scrolls of blinking
Potions
 f - 7 potions of brilliance
 g - a potion of heal wounds
 l - 4 potions of ambrosia
 n - 8 potions of might
 p - 3 potions of haste
 q - 5 potions of curing
 u - 11 potions of enlightenment
 w - 2 potions of invisibility
 N - 4 potions of cancellation
 Q - 7 potions of mutation
 T - 5 potions of magic
Miscellaneous
 c - a box of beasts (inert)
 j - a phial of floods
 t - a lightning rod (4/4)
 X - a tin of tremorstones (1/2)
 Y - a phantom mirror


   Skills:
 - Level 22.0 Fighting
 - Level 2.8(9.4) Short Blades
 + Level 13.8(14.0) Long Blades
 - Level 12.0 Staves
 + Level 19.6 Throwing
 - Level 15.5 Dodging
 - Level 13.5 Stealth
 - Level 20.6 Shields
 - Level 9.2 Spellcasting
 - Level 0.5 Hexes
 - Level 5.3 Necromancy
 - Level 4.9 Ice Magic
 + Level 15.9 Earth Magic
 + Level 13.5 Alchemy
 + Level 19.0 Evocations


You had 30 spell levels left.
You knew the following spells:

 Your Spells              Type           Power      Damage    Failure   Level
a - Confusing Touch       Hex            9%         N/A       28%         3
b - Fugue of the Fallen   Necr           25%        N/A       5%          3
c - Ozocubu's Armour      Ice            24%        N/A       6%          3
d - Leda's Liquefaction   Alch/Erth      27%        N/A       1%          4

Your spell library contained the following spells:

 Spells                   Type           Power      Damage    Failure   Level
 Sting                    Conj/Alch      100%       1d9       1%          1
 Cigotuvi's Dreadful Rot  Necr/Alch/Air  58%        N/A       1%          2
 Mercury Vapours          Alch/Air       60%        N/A       1%          2
 Passwall                 Erth           57%        N/A       1%          3
 Stone Arrow              Conj/Erth      68%        3d11      1%          3
 Petrify                  Alch/Erth      55%        N/A       1%          4
 Alistair's Intoxication  Alch           34%        N/A       1%          5
 Lee's Rapid Deconstruct  Erth           28%        3d15*     1%          5
 Freeze                   Ice            96%        1d10      2%          1
 Sublimation of Blood     Necr           25%        N/A       2%          2
 Kiss of Death            Conj/Necr      64%        2d10      5%          1
 Borgnjor's Vile Clutch   Necr/Erth      21%        N/A       5%          5
 Frozen Ramparts          Ice            48%        1d8       6%          3
 Ensorcelled Hibernation  Hex/Ice        34%        N/A       7%          2
 Mephitic Cloud           Conj/Alch/Air  23%        N/A       7%          3
 Fulminant Prism          Conj/Alch      15%        3d10      9%          4
 Ignite Poison            Fire/Alch      30%        N/A       9%          4
 Sticky Flame             Fire/Alch      30%        2d7       9%          4
 Slow                     Hex            36%        N/A       11%         1
 Apportation              Tloc           14%        N/A       13%         1
 Foxfire                  Conj/Fire      28%        2x1d5     13%         1
 Magic Dart               Conj           28%        1d4       13%         1
 Shock                    Conj/Air       28%        1d4       13%         1
 Summon Small Mammal      Summ           28%        N/A       13%         1
 Hailstorm                Conj/Ice       16%        3d6       14%         3
 Summon Ice Beast         Ice/Summ       16%        N/A       14%         3
 Dispel Undead            Necr           25%        3d12      14%         4
 Jinxbite                 Hex            18%        N/A       16%         2
 Blink                    Tloc           14%        N/A       21%         2
 Call Imp                 Summ           14%        N/A       21%         2
 Lesser Beckoning         Tloc           14%        N/A       21%         2
 Momentum Strike          Conj/Tloc      14%        3d8       21%         2
 Scorch                   Fire           14%        2d5       21%         2
 Yara's Violent Unravell  Hex/Alch       15%        3d8       21%         5
 Sigil of Binding         Hex            9%         N/A       28%         3
 Tukima's Dance           Hex            9%         N/A       28%         3
 Dazzling Flash           Conj/Hex       16%        N/A       32%         3
 Inner Flame              Hex/Fire       8%         N/A       32%         3
 Anguish                  Hex/Necr       8%         N/A       32%         4
 Call Canine Familiar     Summ           7%         N/A       34%         3
 Gell's Gravitas          Tloc           7%         N/A       34%         3
 Swiftness                Air            7%         N/A       34%         3
 Teleport Other           Tloc           7%         N/A       34%         3
 Volatile Blastmotes      Fire/Tloc      14%        2d11      34%         3
 Martyr's Knell           Necr/Summ      16%        N/A       38%         4
 Sculpt Simulacrum        Ice/Alch       19%        N/A       38%         6
 Bombard                  Conj/Erth      17%        9d3       52%         6
 Cause Fear               Hex            4%         N/A       63%         4
 Dimensional Bullseye     Hex/Tloc       4%         N/A       67%         4
 Metabolic Englaciation   Hex/Ice        8%         N/A       67%         5
 Airstrike                Air            3%         2d(1-17)  71%         4
 Flame Wave               Conj/Fire      7%         2d5       71%         4
 Iskenderun's Mystic Bla  Conj/Tloc      7%         2d4       71%         4
 Manifold Assault         Tloc           7%         N/A       71%         4
 Passage of Golubria      Tloc           7%         N/A       71%         4
 Summon Blazeheart Golem  Fire/Summ      7%         N/A       71%         4
 Summon Lightning Spire   Summ/Air       7%         N/A       71%         4
 Vhi's Electric Charge    Tloc/Air       14%        N/A       71%         4
 Freezing Cloud           Conj/Ice/Air   6%         6-21      82%         5
 Death Channel            Necr           12%        N/A       86%         6
 Summon Mana Viper        Hex/Summ       8%         N/A       93%         5
 Arcjolt                  Conj/Air       3%         1d13      95%         5
 Fireball                 Conj/Fire      3%         3d4       95%         5
 Conjure Ball Lightning   Conj/Air       3%         3x3d6     100%        6
 Dispersal                Tloc           3%         N/A       100%        6
 Plasma Beam              Fire/Air       3%         2x1d13    100%        6
 Starburst                Conj/Fire      3%         6d3       100%        6
 Summon Cactus Giant      Summ           3%         N/A       100%        6
 Enfeeble                 Hex            4%         N/A       100%        7
 Haunt                    Necr/Summ      8%         N/A       100%        7
 Malign Gateway           Summ/Tloc      3%         N/A       100%        7
 Monstrous Menagerie      Summ           3%         N/A       100%        7
 Summon Hydra             Summ           3%         N/A       100%        7
 Borgnjor's Revivificati  Necr           12%        N/A       100%        8
 Discord                  Hex            4%         N/A       100%        8
 Summon Horrible Things   Summ           3%         N/A       100%        8
 Chain Lightning          Conj/Air       3%         3d4       100%        9
 Death's Door             Necr           12%        N/A       100%        9
 Dragon's Call            Summ           3%         N/A       100%        9
 Fire Storm               Conj/Fire      3%         8d1       100%        9
 Shatter                  Erth           28%        3d24*     100%        9
 Animate Armour           Summ/Erth      Unusable   N/A       N/A         4
 Animate Dead             Necr           Unusable   N/A       N/A         4

Dungeon Overview and Level Annotations

Branches:
Dungeon (15/15)            Temple (1/1) D:5            Lair (5/5) D:8
  Swamp (4/4) Lair:2        Snake (4/4) Lair:2        Slime (5/5) Lair:4
    Orc (2/2) D:9             Elf (3/3) Orc:2        Vaults (5/5) D:13
  Crypt (0/3) Vaults:3     Depths (4/4) D:15            Zot (5/5) Depths:4
Desolation (visited)      Gauntlet (visited)

Altars:
Ashenzari
Cheibriados
Dithmenos
Elyvilon
Fedhas
Gozag
Hepliaklqana
Kikubaaqudgha
Makhleb
Nemelex Xobeh
Okawaru
Qazlal
Ru
Sif Muna
Trog
Uskayaw
Vehumet
Wu Jian
Xom
Yredelemnul
Zin
The Shining One

Shops:
D:5 ?   D:13 (   D:15 ?*=*!?=[*   Orc:2 :[?!   Elf:3 ?=?!   Lair:1 [
Snake:3 =:=   Snake:4 :   Vaults:1 *   Vaults:2 [!   Vaults:5 =[   Depths:2 [[
Depths:3 =(*

Portals:
Hell: Depths:1 Depths:2 Depths:3 Depths:4
Abyss: Depths:3 Depths:4
Pandemonium: Orc:2 Depths:1 Depths:2 Depths:3
Ziggurat: Depths:1

Annotations:
D:5 1 runed translucent door
Lair:4 3 runed translucent doors, BubbleThief's ghost, journeyman NaAl; Rotan's ghost, journeyman NaHs; zenocrate's ghost, journeyman VSEn
Depths:2 Vv
Depths:3 Boris


Innate Abilities, Weirdness & Mutations

Your dull iron-grey scales are very hard. (AC +17)
You are amphibious.
You cannot fit into any form of body armour.
You are cold-blooded and may be slowed by cold attacks.
You have a beak for a mouth.
Your flesh is cold resistant. (rC+)
You are frail. (-10% HP)
Your magical capacity is low. (-10% MP)
A frigid envelope surrounds you and freezes all who hurt you.
Your spells are a little harder to cast, but a little more powerful.
You occasionally lose the ability to read scrolls when taking damage.


Message History

Unknown command.
You slice Zotrouk!! Your peck misses Zotrouk. You tail-slap Zotrouk!
Zotrouk is heavily wounded.
You block Zotrouk's attack.
Unknown command.
You miss Zotrouk. You peck Zotrouk!
Zotrouk is heavily wounded.
Unknown command.
You completely miss Zotrouk. Your peck misses Zotrouk.
Zotrouk is heavily wounded.
Zotrouk gestures.
Unknown command.
You barely miss Zotrouk. Your peck misses Zotrouk.
Your tail-slap misses Zotrouk.
Zotrouk is heavily wounded.
Unknown command.
You slice Zotrouk!! You peck Zotrouk.
Zotrouk is severely wounded.
You block the hell beast's attack. x2; You block Zotrouk's attack.
Unknown command.
You slice Zotrouk!! You peck Zotrouk!
You kill Zotrouk!
The hell beast disappears in a puff of smoke!
Unknown command.
You now have 1360 gold pieces (gained 12).
You feel a strong urge to attack something.
You are no longer berserk.
You are exhausted.
You feel yourself slow down.
There is an open door here.
There's nothing to close nearby.
Aiming: Dig
Press: ? - help, Shift-Dir - straight line A rock wall.
This square is covered in magical glow.
The rock shatters into small pieces.
There is a dry fountain here.
There is a staircase leading out of the dungeon here.
You can't go down here!
You have escaped!

.#####......................#####
..##....#.####.####.####.##...##.
#.#..###...##...##...##...###..#.
#.#.## #.⌠.##.⌠.##.⌠.##.⌠.# ##.#.
#.#.####...##...##...##...####.##
#.#...###.####.####.####.###...#
..#.⌠.###.####.####.####.###.⌠.##
..#............................#.
..##.##.........@..........##.##.
..#............................#.
#.#.⌠.###.####.####.####.###.⌠.#.
..#...###.####.####.####.###...#.
..#.####...##...##...##...####.#.
#.#.## #.⌠.##.⌠.##.⌠.##.⌠.# ##.#.
#.#..###...##...##...##...###..#.
#.##...##.####..###.####.##...##.
#.####......................####.


There were no monsters in sight!

Vanquished Creatures
  the Royal Jelly (Slime:5)
  2 dread liches (Zot:5)
  Frederick (Vaults:5)
  6 orbs of fire (Zot:5)
  2 ancient liches (Zot:5)
  Mara (Depths:1)
  2 pandemonium lords
  A juggernaut (Depths:3)
  Boris (Vaults:5)
  The ghost of Wukiw the Conqueror, a legendary MiBe of Trog (Zot:3)
  Sojobo (Depths:4)
  Parghit (Depths:4)
  3 Killer Klowns
  A curse toe (Zot:5)
  the Enchantress (Depths:4)
  Norris (Elf:2)
  4 golden dragons
  A bone dragon (Depths:3)
  Zenata (Elf:2)
  Jorgrun (Swamp:2)
  8 tentacled monstrosities
  18 Orb Guardians
  8 liches
  A walking crystal tome (Depths:4)
  2 titans
  17 acid blobs
  3 deep elf blademasters
  4 deep elf master archers (Elf:3)
  4 quicksilver dragons
  7 sphinxes
  An Executioner (Depths:2)
  A tentacled starspawn (Abyss:7)
  7 death cobs
  The ghost of snackwell the Scorcher, an adept DsCj of Vehumet (Snake:1)
  The ghost of tmcgee265 the Deadly Accurate, an adept BaGl of Okawaru (Elf:2)
  6 shadow dragons
  A thorn hunter (Swamp:4)
  12 storm dragons
  Donald (Swamp:4)
  9 azure jellies
  Aizul (Snake:2)
  16 nagarajas
  6 tengu reavers
  7 fire giants
  Kirke (Snake:1)
  5 protean progenitors
  2 fenstrider witches
  4 draconian knights
  10 rockslimes
  2 draconian shifters
  11 frost giants
  A nargun (Abyss:7)
  10 deep elf sorcerers
  4 draconian scorchers
  A deep elf elementalist (Elf:3)
  16 vault wardens
  2 imperial myrmidons (Desolation)
  2 balrugs
  A reaper (D:4)
  3 ghost moths
  A cacodemon (Depths:3)
  5 spriggan defenders
  2 ghouls (Swamp:3)
  12 quicksilver oozes
  23 stone giants
  4 draconian annihilators
  16 ironbound preservers
  16 very ugly things
  7 deep elf demonologists
  6 formless jellyfish
  An eleionoma (Swamp:2)
  3 deep elf annihilators
  7 ironbound thunderhulks
  7 black draconians
  3 vampire knights
  6 bunyips
  5 green draconians
  4 war gargoyles
  10 yellow draconians
  A lorocyproca (D:13)
  6 white draconians
  10 deep elf death magi
  12 red draconians
  A halazid warlock (Desolation)
  16 dire elephants
  9 purple draconians
  A minotaur (Gauntlet)
  5 spark wasps
  28 ettins
  Snorg (D:12)
  A blizzard demon (Depths:2)
  A green death (Depths:3)
  2 shambling mangroves
  The ghost of tinfoiltophat the Thaumaturge, a journeyman DjFE of Cheibriados (D:10)
  A merfolk javelineer (Depths:2)
  3 jiangshi (Depths:2)
  9 fire dragons
  6 crystal guardians
  12 deep elf high priests
  3 salamander tyrants
  13 yaktaur captains
  4 ragged hierophants (Desolation)
  4 entropy weavers
  8 servants of whispers (Desolation)
  Josephine (D:12)
  7 ice dragons
  18 great orbs of eyes
  5 centaur warriors
  7 rakshasas
  2 hell beasts
  18 hydras
  7 spriggan air magi
  8 peacekeepers
  5 ogre magi
  A catoblepas (Depths:3)
  32 vault guards
  2 demonspawn (Orc:2)
  12 alligators
  A ghost crab (Swamp:2)
  4 anacondas
  26 dancing weapons
  9 ironbound frosthearts
  8 deep troll shamans
  8 two-headed ogres
  14 naga warriors
  6 boulder beetles
  3 tengu warriors
  13 naga sharpshooters
  8 deep troll earth magi
  A titan zombie (Depths:3)
  9 hell hogs
  2 vampire magi
  2 occultists
  3 thrashing horrors (Abyss:7)
  8 death yaks
  4 orc high priests (Orc:2)
  8 spriggan berserkers
  9 hell knights
  7 shock serpents
  3 soul eaters
  6 sun demons
  Sonja (D:11)
  3 wretched stars (Abyss:7)
  15 deep elf knights
  5 skysharks
  5 goliath frogs
  6 salamander mystics
  3 sixfirhies
  A mana viper (shapeshifter) (Vaults:5)
  A spectral anaconda (Lair:5)
  9 iron trolls
  13 mana vipers
  4 glowing orange brains
  A cherub (D:4)
  7 arcanists
  5 flayed ghosts
  2 orb spiders (shapeshifter)
  3 spriggan druids
  9 swamp dragons
  A shadow demon (Zot:2)
  54 deep trolls
  5 naga ritualists
  12 deep elf archers
  2 bog bodies (Swamp:3)
  12 lindwurms
  18 ironbound convokers
  10 harpies
  6 phantasmal warriors (Vaults:5)
  10 necromancers
  An obsidian statue (Lair:5)
  32 deep elf pyromancers
  24 deep elf zephyrmancers
  3 manticores
  3 wolf spiders (Zot:5)
  9 orc knights
  A shining eye (shapeshifter) (Vaults:5)
  A frost giant zombie (Vaults:3)
  4 will-o-the-wisps
  An oklob plant (Lair:4)
  3 stone giant zombies (Depths:3)
  8 orc sorcerers
  25 ugly things
  18 salamanders
  7 cyclopes
  5 shining eyes
  Maurice (D:7)
  17 moths of wrath
  14 elephants
  6 meliai
  A toenail golem (D:11)
  6 kobold blastminers (Orc:2)
  10 guardian serpents
  2 dire elephant zombies (Lair:5)
  21 vault sentinels
  20 naga magi
  15 cane toads
  2 orange demons
  6 eyes of devastation
  38 black mambas
  6 smoke demons
  A gargoyle (D:13)
  A human zombie (Vaults:3)
  A yaktaur (shapeshifter) (Depths:2)
  3 centaur skeletons (D:15)
  2 efreet (D:15)
  A komodo dragon (shapeshifter) (Depths:3)
  16 yaktaurs
  3 kobold demonologists
  3 rime drakes
  A dire elephant skeleton (Lair:5)
  6 komodo dragons
  2 unseen horrors
  An unseen horror (shapeshifter) (Elf:2)
  2 freezing wraiths (Vaults:5)
  A red devil (Orc:2)
  An ancient zyme (Abyss:7)
  An ice devil (Zot:2)
  7 tengu conjurers
  A queen bee (D:13)
  10 trolls
  9 tyrant leeches
  A polar bear (shapeshifter) (Vaults:5)
  35 saltlings (Desolation)
  A polar bear (Lair:5)
  A tarantella (Vaults:5)
  13 blink frogs
  2 hellwings (Orc:2)
  31 hornets
  A raiju (shapeshifter) (Depths:4)
  A glass eye (Depths:2)
  A harpy skeleton (D:15)
  A snapping turtle (shapeshifter) (Depths:4)
  81 slime creatures
  An air elemental (Elf:1)
  2 shadows
  A vampire (Abyss:7)
  28 spriggans
  Sigmund (D:6)
  A fire elemental (Elf:3)
  A centaur simulacrum (D:14)
  3 humans
  50 yaks
  6 wraiths
  4 hogs (Snake:1)
  7 wyverns
  11 water elementals
  5 basilisks
  7 starcursed masses (Abyss:7)
  A steam dragon (D:8)
  5 wargs
  5 golden eyes
  7 redbacks
  2 neqoxecs
  17 vampire mosquitoes
  2 death yak simulacra (Lair:5)
  5 chaos spawn
  Menkaure (D:7)
  3 spectral cane toads (Lair:5)
  38 nagas
  21 swamp worms
  4 acid dragons
  22 water moccasins
  37 orc warriors
  6 swamp drakes
  3 black bears
  2 laughing skulls (D:13)
  A hornet zombie (D:15)
  A black bear (shapeshifter) (D:13)
  2 elephant zombies (Lair:5)
  8 ogres
  11 centaurs
  10 boggarts (Vaults:1)
  13 wolves
  2 elephant skeletons (Lair:5)
  7 kobold brigands
  2 necrophages (Swamp:3)
  15 bullfrogs
  A cane toad simulacrum (Lair:5)
  5 earth elementals
  A gnoll sergeant (D:9)
  8 scorpions
  A wight (D:10)
  33 killer bees
  A human simulacrum (Vaults:3)
  4 elephant simulacra (Lair:5)
  4 electric eels
  A crimson imp (D:3)
  3 howler monkeys
  25 orc priests
  3 bombardier beetles
  8 jellies
  2 gnoll boudas
  2 hounds
  5 iguanas
  2 hell rats (Lair:2)
  29 orc wizards
  Robin (D:2)
  15 adders
  10 gnolls
  10 river rats (Lair:2)
  A shadow imp (D:5)
  A white imp (Vaults:4)
  4 dart slugs
  3 ribbon worms
  61 orcs
  5 ball pythons
  11 endoplasms
  5 giant cockroaches
  15 goblins
  9 hobgoblins
  A jackal (D:3)
  23 kobolds
  5 quokkas
  6 bats
  7 frilled lizards
  3 goblin skeletons (D:3)
  2 goblin zombies (D:3)
  4 hobgoblin zombies (D:3)
  A kobold skeleton (D:3)
  An orc skeleton (D:3)
  An orc zombie (D:3)
  7 rats
2339 creatures vanquished.

Vanquished Creatures (collateral kills)
  Mennas (Vaults:5)
  2 Killer Klowns (Zot:5)
  the Lernaean hydra (Swamp:4)
  A curse toe (Zot:2)
  A tentacled monstrosity (Vaults:5)
  An electric golem (Zot:5)
  10 Orb Guardians (Zot:5)
  A quicksilver dragon (Zot:5)
  A tentacled starspawn (Abyss:7)
  2 death cobs
  A storm dragon (Zot:5)
  A protean progenitor (Zot:2)
  A draconian monk (Zot:2)
  A ghost moth (Zot:5)
  A draconian annihilator (Zot:2)
  A very ugly thing (Vaults:5)
  A white draconian (Zot:2)
  A purple draconian (Zot:3)
  A yellow draconian (Zot:2)
  A black draconian (Zot:1)
  A crystal guardian (Vaults:4)
  A red draconian (Zot:2)
  4 hydras (Swamp:4)
  A peacekeeper (Vaults:4)
  3 swamp dragons (Swamp:4)
  An ugly thing (Vaults:5)
  A faun (shapeshifter) (Vaults:5)
  2 moths of wrath
  A swamp drake (Swamp:4)
  A starspawn tentacle (Abyss:7)
47 creatures vanquished.

Vanquished Creatures (others)
  An electric golem (Zot:5)
  4 tentacled monstrosities
  3 death cobs
  A shadow dragon (Zot:3)
  2 storm dragons
  A draconian knight (Zot:2)
  A draconian shifter (Zot:3)
  A draconian stormcaller (Zot:2)
  A ghost moth (Zot:4)
  2 draconian annihilators (Zot:2)
  A cacodemon (Zot:5)
  2 white draconians
  2 green draconians (Zot:2)
  A yellow draconian (Zot:2)
  A war gargoyle (Vaults:4)
  2 black draconians (Zot:2)
  A red draconian (Zot:2)
  A vault guard (Vaults:5)
  An ironbound frostheart (Vaults:2)
  An obsidian statue (Zot:3)
  2 moths of wrath
  An unseen horror (D:12)
  4 bloated husks
  A golden eye (Zot:1)
  A vampire mosquito (Swamp:1)
  A boggart (Vaults:1)
  An orc (D:5)
  26 foxfires
  3 starspawn tentacles (Abyss:7)
70 creatures vanquished.

Grand Total: 2456 creatures vanquished

Notes
Turn   | Place    | Note
-------+----------+-------------------------------------------
     0 | D:1      | hikkokomori the Draconian Gladiator began the quest for the
                  | Orb.
     0 | D:1      | Reached XP level 1. HP: 17/17 MP: 1/1
   477 | D:1      | Reached XP level 2. HP: 22/25 MP: 2/2
   504 | D:1      | You fall into a shaft and drop 1 floor!
   651 | D:2      | Reached skill level 1 in Stealth
   651 | D:2      | Reached XP level 3. HP: 30/30 MP: 3/3
   860 | D:2      | Noticed Robin
   891 | D:2      | Killed Robin
   943 | D:2      | Reached XP level 4. HP: 34/37 MP: 4/4
   962 | D:2      | Reached skill level 3 in Fighting
  1803 | D:1      | Reached skill level 1 in Shields
  1826 | D:1      | Got the Omnibus of Charms
  2271 | D:3      | Found a shimmering blue altar of Sif Muna.
  2299 | D:3      | Found a faded altar of an unknown god.
  2378 | D:3      | Reached XP level 5. HP: 22/45 MP: 5/5
  2866 | D:3      | Found a basalt altar of Yredelemnul.
  2894 | D:3      | Found a glowing golden altar of the Shining One.
  3086 | D:3      | Reached XP level 6. HP: 49/52 MP: 6/6
  3380 | D:4      | Learned a level 3 spell: Confusing Touch
  3396 | D:4      | Found an ornate altar of the Wu Jian Council.
  3783 | D:4      | Reached skill level 4 in Fighting
  4335 | D:5      | Entered Level 5 of the Dungeon
  4443 | D:5      | Found a runed translucent door.
  4446 | D:5      | Found a runed translucent gate.
  4446 | D:5      | Noticed a redback
  4446 | D:5      | Noticed a redback
  4447 | D:5      | Found a runed translucent gate.
  4628 | D:5      | Found a runed translucent gate.
  4630 | D:5      | Noticed a water moccasin
  4630 | D:5      | Noticed a water moccasin
  4637 | D:5      | Found a runed translucent door.
  4646 | D:5      | Found the +9 staff of Olgreb {rPois∞}
  4751 | D:5      | Your scales start taking on a dull iron-grey colour.
  4751 | D:5      | Reached XP level 7. HP: 37/59 MP: 7/7
  4859 | D:5      | Found Edeiguco's Magic Scroll Boutique.
  4909 | D:5      | Reached skill level 1 in Evocations
  5016 | D:5      | Found a staircase to the Ecumenical Temple.
  5029 | Temple   | Entered the Ecumenical Temple
  5040 | Temple   | Became a worshipper of Gozag Ym Sagoz the Greedy
  5125 | D:5      | Reached skill level 5 in Fighting
  5564 | D:6      | Reached XP level 8. HP: 59/68 MP: 8/8
  5916 | D:6      | Found a snail-covered altar of Cheibriados.
  6000 | D:6      | Found a hazy altar of Hepliaklqana.
  6000 | D:6      | Noticed Sigmund
  6025 | D:6      | Killed Sigmund
  6205 | D:7      | Reached skill level 6 in Fighting
  6226 | D:7      | Noticed Maurice
  6237 | D:7      | Maurice stole a ring of willpower
  6261 | D:6      | Reached skill level 5 in Throwing
  6276 | D:7      | Something stole 364 gold
  6284 | D:7      | Something stole a +2 vampiric dagger
  6545 | D:8      | Reached skill level 5 in Stealth
  6567 | D:8      | Reached XP level 9. HP: 70/75 MP: 9/9
  6613 | D:8      | Found a staircase to the Lair.
  6630 | D:8      | Reached skill level 5 in Shields
  7024 | D:8      | Found a hazy altar of Hepliaklqana.
  7046 | D:8      | Reached skill level 7 in Fighting
  7048 | D:8      | Paralysed by a hornet for 3 turns
  7064 | D:8      | Reached skill level 5 in Evocations
  7812 | D:8      | Reached XP level 10. HP: 82/86 MP: 10/10
  8105 | D:8      | Found a hide-covered altar of Uskayaw.
  8259 | D:8      | Reached skill level 1 in Short Blades
  8609 | D:9      | Noticed a two-headed ogre
  8632 | D:9      | Killed a two-headed ogre
  8632 | D:9      | Noticed a two-headed ogre
  8647 | D:9      | HP: 3/88 [acid dragon/splash of acid (26)]
  9095 | D:8      | HP: 4/88 [acid dragon (3)]
  9293 | D:5      | Bought a scroll of identify for 26 gold pieces
  9293 | D:5      | Bought a scroll of enchant weapon for 97 gold pieces
  9293 | D:5      | Bought a scroll of enchant weapon for 97 gold pieces
  9293 | D:5      | Bought a scroll of enchant weapon for 97 gold pieces
  9293 | D:5      | Bought a scroll of identify for 26 gold pieces
  9299 | D:5      | Identified a scroll of acquirement
  9299 | D:5      | Acquired the +0 kite shield "Lyaser" {rF+ Str+2 Dex+3}
  9677 | D:5      | Reached skill level 8 in Fighting
 10179 | D:5      | Reached skill level 1 in Staves
 10222 | D:7      | Maurice stole 207 gold
 10234 | D:7      | Killed Maurice
 10410 | D:7      | Noticed Menkaure
 10422 | D:7      | Found an iron altar of Okawaru.
 10431 | D:7      | Killed Menkaure
 10976 | D:9      | Killed a two-headed ogre
 10977 | D:9      | Reached skill level 9 in Fighting
 11210 | D:9      | Reached XP level 11. HP: 97/97 MP: 6/11
 11764 | D:9      | Found a staircase to the Orcish Mines.
 12068 | Orc:1    | Entered Level 1 of the Orcish Mines
 12303 | Orc:2    | Entered Level 2 of the Orcish Mines
 13354 | Orc:2    | Reached skill level 10 in Fighting
 13354 | Orc:2    | Reached skill level 5 in Staves
 13745 | Orc:2    | Noticed an orc knight
 13758 | Orc:2    | Killed an orc knight
 13977 | Orc:2    | Found Erih's Distillery.
 13985 | Orc:2    | Found Quenkiun's Magic Scroll Boutique.
 14126 | Orc:2    | Noticed an orc high priest
 14128 | Orc:2    | Noticed a sun demon
 14132 | Orc:2    | Killed an orc high priest
 14193 | Orc:2    | Reached XP level 12. HP: 73/108 MP: 6/12
 14465 | Orc:2    | Found a staircase to the Elven Halls.
 14618 | Orc:2    | Noticed an orc high priest
 14623 | Orc:2    | Noticed an orc high priest
 14627 | Orc:2    | Killed an orc high priest
 14632 | Orc:2    | Killed an orc high priest
 14633 | Orc:2    | Reached skill level 11 in Fighting
 14793 | Orc:2    | Noticed a demonspawn
 14805 | Orc:2    | Paralysed by an orc sorcerer for 3 turns
 14808 | Orc:2    | Reached skill level 10 in Shields
 14809 | Orc:2    | Noticed an orc high priest
 14915 | Orc:2    | Noticed a demonspawn
 14916 | Orc:2    | Killed a demonspawn
 14923 | Orc:2    | Killed an orc high priest
 15261 | Orc:2    | Found Foynidac's Book Shoppe.
 15261 | Orc:2    | Found Tuqor's Antique Armour Emporium.
 15262 | Orc:2    | Found a one-way gate leading to the halls of Pandemonium.
 15280 | Orc:2    | Killed a demonspawn
 15464 | Lair:1   | Entered Level 1 of the Lair of Beasts
 15472 | Lair:1   | Bought the +10 tower shield of Ignorance {rN+ Int-4} for
                  | 916 gold pieces
 15472 | Lair:1   | Found the +10 tower shield of Ignorance {rN+ Int-4}
 15644 | Lair:1   | Noticed a six-headed hydra
 15658 | Lair:1   | Killed a six-headed hydra
 15789 | Lair:1   | Reached skill level 12 in Fighting
 15983 | Lair:1   | Reached XP level 13. HP: 118/118 MP: 13/13
 17401 | Lair:2   | Found a staircase to the Snake Pit.
 17404 | Lair:2   | Found an opulent altar of Gozag.
 17572 | Lair:2   | Found a staircase to the Swamp.
 18162 | Lair:3   | Reached skill level 10 in Evocations
 18320 | Lair:3   | Reached skill level 13 in Fighting
 18376 | Lair:3   | Found a gate leading to a gauntlet.
 18381 | Gauntlet | Entered a Gauntlet
 18381 | Gauntlet | Found a transporter.
 18383 | Gauntlet | Found a runed translucent door.
 18385 | Gauntlet | Found a transporter.
 18396 | Gauntlet | Noticed a reaper
 18397 | Gauntlet | Found a transporter.
 18421 | Gauntlet | Found a transporter.
 18425 | Gauntlet | Found a transporter.
 18431 | Gauntlet | Acquired a manual of Fighting
 18442 | Gauntlet | Found a transporter.
 18463 | Gauntlet | Found a transporter.
 18477 | Gauntlet | Found a transporter.
 18481 | Gauntlet | Found a transporter.
 18519 | Gauntlet | Found a transporter.
 18523 | Gauntlet | Found a runed translucent door.
 18525 | Gauntlet | Found a transporter.
 18527 | Gauntlet | Found a large runed translucent door.
 18527 | Gauntlet | Found a large runed translucent door.
 18528 | Gauntlet | Found a large runed translucent door.
 18528 | Gauntlet | Found a large runed translucent door.
 18529 | Gauntlet | Found a large runed translucent door.
 18529 | Gauntlet | Found a large runed translucent door.
 18529 | Gauntlet | Found a runed translucent door.
 18529 | Gauntlet | Found a runed translucent door.
 18530 | Gauntlet | Found a large runed translucent door.
 18530 | Gauntlet | Found a large runed translucent door.
 18531 | Gauntlet | Found a large runed translucent door.
 18531 | Gauntlet | Found a large runed translucent door.
 18532 | Gauntlet | Found a large runed translucent door.
 18532 | Gauntlet | Found a large runed translucent door.
 18534 | Gauntlet | Found a runed translucent gate.
 18534 | Gauntlet | Found a runed translucent gate.
 18534 | Gauntlet | Found a runed translucent gate.
 18536 | Gauntlet | Found a transporter.
 18536 | Gauntlet | Noticed a reaper
 18549 | Gauntlet | Found a large runed translucent door.
 18550 | Gauntlet | Found a large runed translucent door.
 18684 | Gauntlet | Identified the +5 pair of gloves "Cergh" {rC- MP+9 Int+2}
 18969 | Gauntlet | Identified the ring "Kinestef" {rN+++ Will- rCorr Str-5
                  | Dex+6}
 19014 | Gauntlet | Identified the +5 long sword "Naet" {freeze, Dex+7}
 19014 | Gauntlet | Identified the +2 chain mail of the Six Knives {rN+}
 19014 | Gauntlet | Noticed a minotaur
 19027 | Gauntlet | Killed a minotaur
 19071 | Gauntlet | Got the Atlas of the Ruinous Union
 19331 | Lair:3   | Got Qunuesm's Papyrus of the Summer
 19761 | Lair:4   | Found a runed translucent gate.
 19761 | Lair:4   | Found a runed translucent gate.
 19761 | Lair:4   | Found a runed translucent gate.
 19766 | Lair:4   | Noticed zenocrate's ghost (journeyman VSEn)
 19766 | Lair:4   | Noticed Rotan's ghost (journeyman NaHs)
 19766 | Lair:4   | Noticed BubbleThief's ghost (journeyman NaAl)
 19768 | Lair:4   | Found the +4 robe of Folly {Brill Will-∞ Int+8}
 19862 | Lair:4   | Acquired the ring of Seucw {Dex+4 SInv}
 19934 | Lair:4   | Reached XP level 14. HP: 129/129 MP: 14/14
 20277 | Lair:4   | Found a staircase to the Slime Pits.
 20566 | Lair:5   | Entered Level 5 of the Lair of Beasts
 20653 | Lair:5   | Reached skill level 10 in Staves
 20793 | Lair:5   | Reached skill level 14 in Fighting
 22068 | Lair:5   | Identified the +3 cloak of Zuff {rPois Str+4}
 22256 | Lair:5   | Identified the amulet of Mysticism {Regen+ Str+4}
 22424 | D:10     | Entered Level 10 of the Dungeon
 22497 | D:10     | Reached skill level 15 in Fighting
 22822 | D:10     | Found a stormy altar of Qazlal.
 22895 | D:10     | Found a runed translucent door.
 22895 | D:10     | Noticed tinfoiltophat's ghost (journeyman DjFE)
 23012 | D:10     | Found a bloodstained altar of Trog.
 23415 | D:10     | Found a white marble altar of Elyvilon.
 23564 | D:10     | Killed tinfoiltophat's ghost
 23568 | D:10     | Identified the staff "Adofae" {*Slow rElec rPois Dex+8 Air}
 23715 | D:11     | Noticed Sonja
 23717 | D:11     | Killed Sonja
 23718 | D:11     | Reached XP level 15. HP: 141/141 MP: 15/15
 24940 | D:12     | Noticed Josephine
 24952 | D:12     | Killed Josephine
 25022 | D:12     | Noticed Snorg
 25031 | D:12     | Killed Snorg
 25414 | D:13     | Reached skill level 16 in Fighting
 25594 | D:13     | Found Zoudou Guoff's Antique Weapon Shoppe.
 25727 | D:13     | Found a gate to the Vaults.
 26169 | D:14     | Found an opulent altar of Gozag.
 26989 | D:15     | Entered Level 15 of the Dungeon
 27008 | D:15     | Reached skill level 10 in Throwing
 27182 | D:15     | Found Qeotyeptut's General Store.
 27190 | D:15     | Bought a potion of invisibility for 96 gold pieces
 27190 | D:15     | Bought a potion of ambrosia for 96 gold pieces
 27194 | D:15     | Found Toatax's Magic Scroll Emporium.
 27347 | D:15     | Found Kerid's Jewellery Emporium.
 27394 | D:15     | Found Gyrr's Distillery.
 27426 | D:15     | Bought a potion of curing for 54 gold pieces
 27426 | D:15     | Bought 2 potions of mutation for 288 gold pieces
 27426 | D:15     | Bought a potion of heal wounds for 90 gold pieces
 27426 | D:15     | Bought a potion of magic for 144 gold pieces
 27426 | D:15     | Bought a potion of cancellation for 144 gold pieces
 27489 | D:15     | Found Itueh's General Store.
 27493 | D:15     | Bought a potion of curing for 36 gold pieces
 27638 | D:15     | Reached skill level 17 in Fighting
 27982 | D:15     | Found a staircase to the Depths.
 28005 | D:15     | Reached XP level 16. HP: 155/155 MP: 16/16
 28050 | D:15     | Bought a scroll of teleportation for 33 gold pieces
 28050 | D:15     | Bought a scroll of revelation for 82 gold pieces
 28050 | D:15     | Bought a scroll of teleportation for 33 gold pieces
 28057 | D:15     | Bought a pair of embroidered boots for 187 gold pieces
 28087 | D:15     | Bought a scroll of blinking for 285 gold pieces
 28324 | Snake:1  | Entered Level 1 of the Snake Pit
 28849 | Snake:1  | Noticed Kirke
 28862 | Snake:1  | Killed Kirke
 28941 | Snake:1  | Found a runed translucent gate.
 28942 | Snake:1  | Found a runed translucent gate.
 28943 | Snake:1  | Found a runed translucent gate.
 28944 | Snake:1  | Noticed snackwell's ghost (adept DsCj)
 29104 | Snake:1  | Reached skill level 5 in Dodging
 29164 | Snake:1  | Reached skill level 18 in Fighting
 29999 | Snake:1  | Killed snackwell's ghost
 30085 | Snake:2  | Identified the serpent talisman "Avvocwoi" {Will+ Int-2
                  | SInv}
 30085 | Snake:2  | Noticed Aizul
 30111 | Snake:2  | Killed Aizul
 31176 | Snake:3  | Reached XP level 17. HP: 94/166 MP: 17/17
 31246 | Snake:3  | Reached skill level 19 in Fighting
 31317 | Snake:3  | Found Nuczo's Jewellery Emporium.
 31318 | Snake:3  | Found Susaempi's Book Shop.
 31319 | Snake:3  | Found Puceib's Jewellery Emporium.
 31331 | Snake:3  | Bought the ring of Xom's Capriciousness {Str-2 Dex+6
                  | Slay+4} for 1120 gold pieces
 31331 | Snake:3  | Bought the ring "Tuwast" {Fly Will+} for 361 gold pieces
 31853 | Snake:4  | Entered Level 4 of the Snake Pit
 32126 | Snake:4  | Reached skill level 15 in Shields
 32749 | Snake:4  | Found Aghutu's Book Shop.
 33243 | Snake:4  | Got a serpentine rune of Zot
 33466 | Swamp:1  | Entered Level 1 of the Swamp
 34063 | Swamp:2  | Reached skill level 20 in Fighting
 34082 | Swamp:2  | Reached skill level 10 in Stealth
 34107 | Swamp:2  | Noticed Jorgrun
 34118 | Swamp:2  | Killed Jorgrun
 34119 | Swamp:2  | Reached XP level 18. HP: 169/178 MP: 18/18
 34224 | Swamp:2  | Noticed a tentacled monstrosity
 34242 | Swamp:2  | Killed a tentacled monstrosity
 35573 | Swamp:4  | Entered Level 4 of the Swamp
 35591 | Swamp:4  | Noticed Donald
 35601 | Swamp:4  | Killed Donald
 36393 | Swamp:4  | Noticed the 27-headed Lernaean hydra
 36400 | Swamp:4  | Killed the 27-headed Lernaean hydra
 36558 | Swamp:4  | Got a decaying rune of Zot
 37006 | Vaults:1 | Entered Level 1 of the Vaults
 37010 | Vaults:1 | Bought an ebony trident for 357 gold pieces
 37010 | Vaults:1 | Identified the +4 trident "Keluogho" {freeze, rF+} (You
                  | bought it in a shop on level 1 of the Vaults)
 37067 | Vaults:1 | Found a transporter.
 37068 | Vaults:1 | Found a shimmering blue altar of Sif Muna.
 37153 | Vaults:1 | Identified the ring of Goruryjao {rF+ Will+}
 37196 | Vaults:1 | Noticed a Hell Sentinel
 37304 | Vaults:1 | Found a transporter.
 37513 | Vaults:1 | Reached XP level 19. HP: 180/187 MP: 19/19
 39389 | Vaults:2 | Reached skill level 10 in Dodging
 39539 | Vaults:2 | Found Xupuh's Distillery.
 39542 | Vaults:2 | Bought a potion of cancellation for 128 gold pieces
 39542 | Vaults:2 | Bought a potion of curing for 48 gold pieces
 39542 | Vaults:2 | Bought a potion of might for 64 gold pieces
 39542 | Vaults:2 | Bought a potion of haste for 160 gold pieces
 39542 | Vaults:2 | Bought a potion of heal wounds for 80 gold pieces
 39727 | Vaults:2 | Reached skill level 21 in Fighting
 40343 | Vaults:3 | Identified the +12 orcbow of Painful Death {freeze, rF++
                  | Str+2}
 41297 | Vaults:3 | Reached XP level 20. HP: 198/198 MP: 20/20
 41694 | Vaults:3 | Found a staircase to the Crypt.
 41694 | Vaults:3 | Found an ancient bone altar of Kikubaaqudgha.
 41695 | Vaults:3 | Found a basalt altar of Yredelemnul.
 41859 | Vaults:4 | Found a flickering gateway to a bazaar.
 41876 | Bazaar   | Entered a bazaar
 41880 | Bazaar   | Found Mekhlath's Jewellery Boutique.
 41890 | Bazaar   | Found Ruefooh's Assorted Antiques.
 41905 | Bazaar   | Found Kuatwohu's General Store.
 41913 | Bazaar   | Found Ocrigg's Book Shoppe.
 41921 | Bazaar   | Bought a book of Battle for 416 gold pieces
 41921 | Bazaar   | Bought a book of Spatial Translocations for 288 gold pieces
 41940 | Bazaar   | Bought a scroll of fear for 68 gold pieces
 41940 | Bazaar   | Bought 5 silver javelins for 765 gold pieces
 41963 | Bazaar   | Bought the necklace of Bloodlust {Fury *Rage Will++ Int-3
                  | Slay+6} for 770 gold pieces
 41963 | Bazaar   | Found the necklace of Bloodlust {Fury *Rage Will++ Int-3
                  | Slay+6}
 42034 | Vaults:4 | Found a crumbling gateway.
 42043 | Desolati | Entered the Desolation of Salt
 42137 | Desolati | Got the Catalogue of the Niveous Welkin
 42146 | Desolati | Got the Dissertation on Arcane Weapons
 42548 | Desolati | Identified the amulet "Kuceh" {Regen+ MP+9 Int+4}
 42617 | Desolati | Found the +8 frozen axe "Frostbite" {freeze, freezing
                  | cloud, *Noise Fly rC+}
 42686 | Desolati | Got Sif Muna's Collected Works on the Conjured Geodesic
 42690 | Desolati | Identified the +6 arbalest of Overwhelming Force {penet,
                  | rElec}
 42863 | Desolati | Got Sif Muna's Textbook on Allied Venin
 42906 | Desolati | Identified the -1 helmet of Monotheism {rN+}
 43219 | Vaults:4 | Reached skill level 15 in Evocations
 43276 | Vaults:4 | Identified the +1 great sword of Meager Absolution {flame,
                  | Int+3}
 44813 | Vaults:5 | Entered Level 5 of the Vaults
 44826 | Vaults:5 | Reached XP level 21. HP: 131/206 MP: 21/21
 44839 | Vaults:4 | Reached skill level 22 in Fighting
 44991 | Vaults:5 | Reached skill level 1 in Spellcasting
 45010 | Vaults:5 | Reached skill level 15 in Throwing
 45035 | Vaults:5 | Got a silver rune of Zot
 45109 | Vaults:5 | Identified the +3 leather armour of Trial and Error {Dex+5}
 45119 | Vaults:5 | Identified the +2 robe "Weine" {rN+ rCorr Int-2}
 45151 | Vaults:5 | Paralysed by a sphinx for 3 turns
 45387 | Vaults:5 | Noticed Boris
 45414 | Vaults:5 | Killed Boris
 45647 | Vaults:5 | Identified the orb of the Morning {light, ^Contam rN+
                  | Stlth+}
 45647 | Vaults:5 | Noticed Frederick
 45671 | Vaults:5 | Identified the +0 leather armour "Yzor Dif" {Fly rPois
                  | Int+2}
 45686 | Vaults:5 | Killed Frederick
 45739 | Vaults:5 | Noticed Mennas
 45764 | Vaults:5 | Identified the ring of Jealousy {rC- Str+2 Int+4 Dex+6}
 45783 | Vaults:5 | Reached XP level 22. HP: 171/215 MP: 29/29
 45789 | Vaults:5 | Killed Mennas
 45796 | Vaults:5 | Reached skill level 5 in Spellcasting
 45931 | Vaults:5 | Identified the +4 flail of Outrage {freeze, ^Fragile rC+
                  | Int+2}
 46247 | Vaults:5 | Got Marue's Teachings on Fulmination and Fever
 46552 | Vaults:5 | Bought the amulet "Urox" {Reflect rC+ Str-5 Int+3 SH+5} for
                  | 796 gold pieces
 46844 | Depths:1 | Entered Level 1 of the Depths
 46875 | Depths:1 | Found a gateway to Hell.
 47016 | Depths:1 | Noticed Mara
 47028 | Depths:1 | Noticed hikkokomori's illusion
 47046 | Depths:1 | Killed Mara
 47372 | Depths:1 | Paralysed by a vampire knight for 4 turns
 47970 | Depths:1 | Found a one-way gateway to a ziggurat.
 48235 | Depths:2 | Found Olyus's Antique Armour Emporium.
 48272 | Depths:2 | Noticed Vv
 49103 | Depths:2 | Reached skill level 5 in Long Blades
 49124 | Depths:2 | Noticed a golden dragon
 49145 | Depths:2 | Killed a golden dragon
 50275 | Depths:3 | Reached XP level 23. HP: 223/223 MP: 34/34
 50287 | Depths:3 | Found a one-way gate to the infinite horrors of the Abyss.
 50293 | Depths:3 | Noticed a juggernaut
 50314 | Depths:3 | Killed a juggernaut
 50462 | Depths:3 | Identified the +0 demon blade of Immorality {drain, rElec
                  | rC++ SInv Stlth-}
 50484 | Depths:3 | Identified the +1 dire flail "Hipoaxt" {flame, Will++}
 50486 | Depths:3 | Identified the +3 trident of the Hills {elec, Str+4}
 50624 | Depths:3 | Learned a level 3 spell: Fugue of the Fallen
 50787 | Depths:3 | Found Egoedearph's Jewellery Shoppe.
 50794 | Depths:3 | Found Haekaxt's Antique Weapon Shoppe.
 50801 | Depths:3 | Reached skill level 1 in Necromancy
 50960 | Depths:3 | Found Qint's Assorted Antiques.
 51762 | Depths:4 | Entered Level 4 of the Depths
 52260 | Elf:1    | Entered Level 1 of the Elven Halls
 52720 | Elf:1    | Paralysed by an air elemental for 1 turns
 53479 | Elf:2    | Identified the +1 scimitar of the Loving Queen {flame,
                  | MP+9}
 53501 | Elf:2    | Found a radiant altar of Vehumet.
 53586 | Elf:2    | Found a runed translucent gate.
 53586 | Elf:2    | Found a runed translucent gate.
 53590 | Elf:2    | Found a runed translucent gate.
 53590 | Elf:2    | Noticed tmcgee265's ghost (adept BaGl)
 53620 | Elf:2    | Killed tmcgee265's ghost
 53628 | Elf:2    | Identified the +0 ring mail "Trusted Companion" {rN+}
 53789 | Elf:2    | Found a runed translucent gate.
 53789 | Elf:2    | Found a runed translucent gate.
 53928 | Elf:2    | Found a runed translucent gate.
 54068 | Elf:2    | Noticed Zenata
 54097 | Elf:2    | Killed Zenata
 54139 | Elf:2    | Noticed Norris
 54163 | Elf:2    | Killed Norris
 54258 | Elf:2    | Reached skill level 5 in Necromancy
 54604 | Elf:3    | Entered Level 3 of the Elven Halls
 54722 | Elf:3    | Found Leuh's Distillery.
 54722 | Elf:3    | Found Bisang's Jewellery Emporium.
 54726 | Elf:3    | Found Feakeb's Magic Scroll Emporium.
 54727 | Elf:3    | Found Kagg's Magic Scroll Emporium.
 54734 | Elf:3    | Bought a scroll of blinking for 75 gold pieces
 54780 | Elf:3    | Found a portal to a secret trove of treasure.
 54928 | Elf:3    | You paid a toll of 13 potions of heal wounds to enter a
                  | treasure trove
 54929 | Trove    | Entered a treasure trove
 54935 | Trove    | Identified the ring of Udooprot {Wiz rC+ Will+ Dex+4
                  | Stlth-}
 54941 | Trove    | Identified the ring "Vuhizido" {rF+ rC- rN+ MP+9}
 54943 | Trove    | Identified the ring of the Soft God {EV+5 Str+2 Dex+2}
 54945 | Trove    | Identified the ring of Reckouh {rPois rF+ Dex+8 SInv
                  | Stlth-}
 54953 | Trove    | Identified the ring "Ynadago" {rF+ Stlth+}
 54956 | Trove    | Identified the ring "Zosamp" {*Slow rPois Dex+5}
 55038 | Elf:3    | Learned a level 3 spell: Ozocubu's Armour
 55043 | Elf:3    | Learned a level 4 spell: Leda's Liquefaction
 55552 | Elf:3    | Reached skill level 1 in Ice Magic
 55558 | Elf:3    | Reached XP level 24. HP: 104/231 MP: 31/34
 55640 | Elf:3    | Reached skill level 15 in Dodging
 56134 | Elf:3    | Identified the +2 robe of the Oni {Harm Rampage Str-2
                  | Slay-6}
 56169 | Elf:3    | Identified the +8 great mace "Gorogiz" {spect, *Slow Will++
                  | Int+7}
 56169 | Elf:3    | Identified the +10 plate armour of the Soft God {*Slow
                  | Int+3 Dex+4}
 56216 | Elf:3    | Identified the +11 mace of Discord {chaos, rCorr}
 56253 | Elf:3    | Got Sif Muna's Directory of Blows and Fascination
 56257 | Elf:3    | Identified the +3 morningstar of the Chickpea {freeze,
                  | rElec rC- Str+3 Int+2}
 56840 | Slime:1  | Entered Level 1 of the Pits of Slime
 56881 | Slime:1  | Gained mutation: Your muscles are strong. (Str +4, Int/Dex
                  | -1) [a shining eye]
 56890 | Slime:1  | Gained mutation: You are clumsy. (Dex -2) [a shining eye]
 57777 | Slime:5  | Entered Level 5 of the Pits of Slime
 59163 | Slime:5  | Gained mutation: Your body sometimes deteriorates upon
                  | taking damage. [a shining eye]
 59172 | Slime:5  | Noticed the Royal Jelly
 59179 | Slime:5  | Killed the Royal Jelly
 59287 | Slime:5  | Gained mutation: You are frail. (-10% HP) [a shining eye]
 59290 | Slime:5  | Reached skill level 10 in Long Blades
 59328 | Slime:5  | Lost mutation: Your body sometimes deteriorates upon taking
                  | damage. [potion of mutation]
 59328 | Slime:5  | Lost mutation: You are clumsy. (Dex -2) [potion of
                  | mutation]
 59328 | Slime:5  | Gained mutation: You are strong-willed. (Will+) [potion of
                  | mutation]
 59328 | Slime:5  | Gained mutation: You are covered in fur. (AC +1) [potion of
                  | mutation]
 59737 | Slime:5  | Identified the +1 cloak of the Locust {rPois Int+4 Dex-5}
 59742 | Slime:5  | Identified the +5 mace of Strategic Superiority {antimagic,
                  | rPois}
 59789 | Slime:5  | Got a slimy rune of Zot
 59790 | Slime:5  | Identified the +1 short sword "Kecw" {venom, Fly Str+3
                  | Dex-2}
 59791 | Slime:5  | Identified the ring of Xidacus {rF+ rN+ rCorr}
 59793 | Slime:5  | Got the Papyrus of the Incandescent Impact
 59794 | Slime:5  | Identified the +6 scale mail of Nezaiv {-Tele Fly rF+++
                  | Int-4}
 59797 | Slime:5  | Identified the +1 leather armour of Hiacko {Dex+5}
 59801 | Slime:5  | Identified the +1 helmet "Ifogour Goor" {Harm rElec rC-}
 59802 | Slime:5  | Identified the +10 mace "Ympiepn" {venom, rCorr MP+9 Dex+4}
 60896 | Depths:4 | Noticed Sojobo
 60897 | Depths:4 | Noticed the Enchantress
 60898 | Depths:4 | Reached skill level 1 in Earth Magic
 60912 | Depths:4 | Reached skill level 1 in Alchemy
 60917 | Depths:4 | Killed Sojobo
 60919 | Depths:4 | Killed the Enchantress
 60927 | Depths:4 | Noticed Parghit
 62810 | Depths:4 | Killed Parghit
 63538 | Depths:4 | Reached skill level 5 in Earth Magic
 63540 | Depths:4 | Found a gate to the Realm of Zot.
 63836 | Depths:4 | Identified the +1 scale mail of Divine Intervention {*Slow
                  | rCorr Stlth+}
 63946 | Zot:1    | Entered Level 1 of the Realm of Zot
 63992 | Depths:4 | Reached XP level 25. HP: 98/214 MP: 36/36
 64324 | Zot:1    | Reached skill level 5 in Alchemy
 64711 | Zot:1    | Identified the ring "Goschu" {rPois rF+ rN+ Str+2 Dex-4}
 66811 | Zot:3    | Noticed a Killer Klown
 66960 | Zot:3    | Found a runed translucent gate.
 66960 | Zot:3    | Found a runed translucent gate.
 66960 | Zot:3    | Found a runed translucent gate.
 66962 | Zot:3    | Found an opulent altar of Gozag.
 66963 | Zot:3    | Noticed Wukiw's ghost (legendary MiBe)
 67035 | Zot:3    | Identified the +2 robe of Insecurity {Rampage MP+9 Dex+4}
 67317 | Zot:3    | Killed a Killer Klown
 67376 | Zot:3    | Killed Wukiw's ghost
 67675 | Zot:3    | Acquired the ring of Xasack {rF+ rC+ EV+5 Int+4 Dex-3}
 68043 | Zot:4    | Reached skill level 10 in Earth Magic
 68548 | Zot:4    | Identified the ring "Tawkoari" {rElec rC- rCorr MP+9 Dex+6}
 68851 | Zot:4    | Noticed a Killer Klown
 68866 | Zot:4    | Killed a Killer Klown
 69363 | Zot:5    | Entered Level 5 of the Realm of Zot
 70025 | Zot:5    | Gained mutation: You are clumsy. (Dex -2) [mutagenic glow]
 70088 | Zot:5    | Reached skill level 10 in Alchemy
 70348 | Zot:5    | Noticed an ancient lich
 70353 | Zot:5    | Noticed a dread lich
 70355 | Zot:5    | Noticed an orb of fire
 70359 | Zot:5    | Noticed an orb of fire
 70368 | Zot:5    | Noticed an orb of fire
 70378 | Zot:5    | Gained mutation: You are very clumsy. (Dex -4) [an orb of
                  | fire]
 70385 | Zot:5    | Gained mutation: You sometimes lose your temper in combat.
                  | [an orb of fire]
 70386 | Zot:5    | Noticed a dread lich
 70395 | Zot:5    | Killed a dread lich
 70396 | Zot:5    | Noticed an ancient lich
 70396 | Zot:5    | Killed an orb of fire
 70397 | Zot:5    | Killed an ancient lich
 70398 | Zot:5    | Reached XP level 26. HP: 64/221 MP: 36/36
 70400 | Zot:5    | Noticed an orb of fire
 70400 | Zot:5    | Killed a dread lich
 70401 | Zot:5    | Killed an ancient lich
 70407 | Zot:5    | Killed an orb of fire
 70416 | Zot:5    | Lost mutation: You are frail. (-10% HP) [an orb of fire]
 70421 | Zot:5    | Killed an orb of fire
 70423 | Zot:5    | Killed an orb of fire
 70808 | Zot:5    | Lost mutation: You are covered in fur. (AC +1) [potion of
                  | mutation]
 70808 | Zot:5    | Lost mutation: You are strong-willed. (Will+) [potion of
                  | mutation]
 70808 | Zot:5    | Lost mutation: Your muscles are strong. (Str +4, Int/Dex
                  | -1) [potion of mutation]
 70808 | Zot:5    | Lost mutation: You are very clumsy. (Dex -4) [potion of
                  | mutation]
 70809 | Zot:5    | Lost mutation: You sometimes lose your temper in combat.
                  | [potion of mutation]
 70809 | Zot:5    | Lost mutation: You are clumsy. (Dex -2) [potion of
                  | mutation]
 70809 | Zot:5    | Gained mutation: You possess an exceptional clarity of
                  | mind. [potion of mutation]
 70809 | Zot:5    | Gained mutation: You do not regenerate when monsters are
                  | visible. [potion of mutation]
 70809 | Zot:5    | Lost mutation: You do not regenerate when monsters are
                  | visible. [potion of mutation]
 70809 | Zot:5    | Gained mutation: You have a pair of small antennae on your
                  | head. [potion of mutation]
 70958 | Zot:5    | Noticed an orb of fire
 70959 | Zot:5    | Noticed an orb of fire
 70959 | Zot:5    | Noticed an orb of fire
 70961 | Zot:5    | Noticed an orb of fire
 70961 | Zot:5    | Noticed an orb of fire
 70971 | Zot:5    | Gained mutation: You occasionally lose the ability to read
                  | scrolls when taking damage. [an orb of fire]
 70977 | Zot:5    | Killed an orb of fire
 71381 | Zot:5    | Noticed an orb of fire
 71392 | Zot:5    | Gained mutation: You are dopey. (Int -2) [an orb of fire]
 71398 | Zot:5    | Gained mutation: Your magical capacity is low. (-10% MP)
                  | [an orb of fire]
 71405 | Zot:5    | Gained mutation: You are frail. (-10% HP) [an orb of fire]
 71408 | Zot:5    | Gained mutation: You are vulnerable to heat. (rF-) [an orb
                  | of fire]
 71413 | Zot:5    | Killed an orb of fire
 71965 | Zot:5    | Lost mutation: You are dopey. (Int -2) [potion of mutation]
 71965 | Zot:5    | Lost mutation: You have a pair of small antennae on your
                  | head. [potion of mutation]
 71965 | Zot:5    | Gained mutation: You are resistant to electric shocks.
                  | (rElec) [potion of mutation]
 71965 | Zot:5    | Gained mutation: Your spells are a little harder to cast,
                  | but a little more powerful. [potion of mutation]
 71965 | Zot:5    | Gained mutation: You have a beak for a mouth. [potion of
                  | mutation]
 71966 | Zot:5    | Lost mutation: You possess an exceptional clarity of mind.
                  | [potion of mutation]
 71966 | Zot:5    | Lost mutation: You are vulnerable to heat. (rF-) [potion of
                  | mutation]
 71966 | Zot:5    | Lost mutation: You are resistant to electric shocks.
                  | (rElec) [potion of mutation]
 71966 | Zot:5    | Gained mutation: Your flesh is cold resistant. (rC+)
                  | [potion of mutation]
 71966 | Zot:5    | Gained mutation: A frigid envelope surrounds you and
                  | freezes all who hurt you. [potion of mutation]
 71994 | Zot:5    | Got the Orb of Zot
 72040 | Zot:5    | Reached skill level 15 in Earth Magic
 72301 | Zot:1    | Noticed Urefen the pandemonium lord
 72309 | Abyss:6  | Cast into level 6 of the Abyss (Urefen)
 72335 | Abyss:7  | Entered Level 7 of the Abyss
 72422 | Abyss:7  | Noticed an ancient lich
 72422 | Zot:1    | Escaped the Abyss
 72433 | Zot:1    | Noticed Voxtex the pandemonium lord
 72697 | Depths:3 | Noticed Boris
 73214 | D:2      | Noticed Jarhe the pandemonium lord
 73236 | D:2      | Killed Jarhe the pandemonium lord
 73284 | D:2      | Noticed Zotrouk the pandemonium lord
 73294 | D:1      | Killed Zotrouk the pandemonium lord
 73325 | D:$      | Escaped with the Orb!

Illustrated notes

Levels and vault maps discovered:
D:1:      dpeg_arrival_chambers_temple_mockup, layout_basic, minmay_pentomino_z4
D:2:      layout_basic, uniq_robin
D:3:      minmay_razor_zed, layout_basic, nicolae_tso_besieged_by_evil,
          mainiacjoe_overflow_large_starburst, basic_ecumenical_altar
D:4:      layout_basic, mainiacjoe_overflow_small_starburst
D:5:      layout_basic, minmay_temple_entry_slanted, serial_shops,
          kennysheep_mini_moat, minmay_misc_feat_alley,
          minmay_guarded_unrand_staff_of_olgreb
D:6:      layout_rooms, slow_altar_1, kennysheep_little_box,
          hangedman_decor_peaks_small, uniq_sigmund
D:7:      layout_rooms, mainiacjoe_overflow_chevrons, uniq_menkaure,
          uniq_maurice
D:8:      layout_cave_pods, nicolae_uskayaw_dance_studio,
          due_lair_maze_entry_diamond, minmay_ruined_shrine
D:9:      layout_basic, orc_0_dummy
D:10:     minmay_the_grid_3x3 [minmay_the_grid_embedded,
          minmay_the_grid_pillar_ring, minmay_the_grid_mess,
          minmay_the_grid_eight, minmay_the_grid_outer_circle,
          minmay_the_grid_doors, minmay_the_grid_all_tris,
          minmay_the_grid_dragon_b, minmay_the_grid_prize_inner_circle],
          layout_irregular_city, trog_hazing_becter, elyvilon_altar_5,
          nicolae_qazlal_general_emergency, gammafunk_ghost_grave, minivault_27,
          chequers_avenue, minivault_12
D:11:     layout_basic, uniq_sonja
D:12:     layout_cave_pods, kennysheep_generic_room_3, uniq_snorg,
          uniq_josephine
D:13:     layout_basic, hellmonk_vaults_keyhole, special_room
          [special_room_bee], nicolae_take_the_stairs
D:14:     layout_loops_corners, grunt_gozag_statues
D:15:     grunt_enter_depths_magical_seal, layout_loops_ring,
          nicolae_water_bricks, serial_shops, nicolae_shop_rolling_square, shop,
          nicolae_shop_rolling_square, nicolae_diamond_shop,
          nicolae_shop_back_alley_shop
Temple:   minmay_freezing_vapour_temple
Lair:1:   layout_cave_pods, chequers_serial_rivers_room_a,
          grunt_forest_large_clearings
Lair:2:   layout_misc_corridors, nicolae_swamp_entry_splash_gauntlet,
          dummy_snake_entry, basic_altar, kennysheep_rathole, grunt_megastairs_1
Lair:3:   layout_misc_corridors, gauntlet_entry_generic, st_stairs_10,
          grunt_megastairs_4, serial_bayou_shore_b
Lair:4:   layout_hall_layers, slime_entry_2, gammafunk_ghost_cemetery
Lair:5:   due_jungle_book, layout_regular_city, minivault_23,
          grunt_megastairs_5, infiniplex_staircase_pool, lemuel_fruit_tree
Swamp:1:  layout_basic_swamp, nicolae_swamp_fairy_circle
Swamp:2:  layout_falls_marsh, serial_swamp_ruin, hangedman_swamp_ruin_wall,
          evilmike_swamp_ruin_house_2, nicolae_swamp_decorative_isthmus,
          uniq_jorgrun
Swamp:3:  tekkud_swamp_unearthing_site, layout_falls_marsh,
          evilmike_swamp_ruin_wall, evilmike_swamp_ruin_rubble_2
Swamp:4:  swamp_old_school, layout_basic_swamp, infiniplex_staircase_pool_2,
          nicolae_swamp_tree_isthmus, uniq_donald
Snake:1:  layout_layer_cave, ebering_ghost_rock_garden,
          nicolae_snake_gridmaze_entwining, uniq_kirke
Snake:2:  layout_rooms, grunt_megastairs_2, uniq_aizul
Snake:3:  layout_misc_corridors, serial_bayou_pond_d, drop_trap,
          minmay_shop_grove, serial_bayou_shore_b
Snake:4:  grunt_snake_rune_spirals, layout_concentric_octagons, serial_shops,
          nicolae_book_shop_shelving
Slime:1:  layout_caves
Slime:2:  layout_caves
Slime:3:  layout_caves, nicolae_slime_round_cave
Slime:4:  layout_caves
Slime:5:  slime_pit_nicolae_royal_road_to_ruin
Orc:1:    layout_caves
Orc:2:    pf_orc_diabolical, layout_caves
Elf:1:    layout_onion_city, minivault_28, minivault_23, kb_rosetta
Elf:2:    elven_hall_of_blades_hangedman_original
          [nicolae_blade_entry_crossed_weapons], layout_gridlike,
          ebering_ghost_rock_garden, basic_altar, uniq_zenata, uniq_norris
Elf:3:    minmay_elf_hall_circle, layout_geoelf_castle,
          nicolae_trove_entry_crossroad, minmay_shop_grid_forest,
          grunt_ministairs_8, minmay_misc_feat_columns
Vaults:1: nicolae_vaults_trapezoid_1, v_misc_5, gammafunk_sealed_library,
          v_misc_23, v_misc_22, vaults_dpeg_ring,
          vaults_room_grunt_arrival_ludios, nicolae_vaults_tangram_2,
          vaults_room_semicircle, nicolae_vaults_door_testing_chamber,
          nicolae_vaults_apartment_1, layout_vaults_omnicross
Vaults:2: nicolae_vaults_apartment_1, nicolae_vaults_closet_pinwheel_6,
          hangedman_vaults_hat, vaults_mumra_hexcomb,
          nicolae_vaults_little_squares_6, ontoclasm_vaults_ligature,
          nicolae_vaults_little_squares_3, nicolae_vaults_surprise_closet,
          nicolae_vaults_trapezoid_2, v_misc_14, nicolae_vaults_display_case,
          layout_vaults_omnigrid, serial_shops, nicolae_shop_behind_doors
Vaults:3: nicolae_vaults_border_crossing, minmay_crypt_entry_necro_gods,
          nicolae_vaults_stepped_doors, nicolae_vaults_spaceships,
          v_alt_pattern_6, vaults_dpeg_encased_lava,
          nicolae_vaults_ring_of_whatevers, nicolae_vaults_bisected_slash,
          ontoclasm_vaults_fault, nicolae_vaults_puzzle_piece,
          nicolae_vaults_little_squares_6, nicolae_vaults_ellipses_ellipsis,
          nicolae_vaults_two_Ls, serial_library_hellmonk_open_cross,
          nicolae_vaults_storage_room_glass, layout_vaults_omnibox
Vaults:4: portal_desolation_entry_twin_temple, hangedman_vaults_corner,
          nicolae_vaults_arrows, grunt_vaults_diagonal, nicolae_vaults_wrenched,
          nicolae_vaults_hallways_thing, serial_ice_g, nicolae_vaults_network_s,
          vaults_dpeg_hooks, st_smaller_cells, v_misc_33,
          hangedman_vaults_snaps, layout_vaults_maze, serial_shops,
          bzr_entry_safe
Vaults:5: uniq_mennas, uniq_boris, uniq_frederick
Depths:1: layout_cave_shapes, enter_ziggurat_a, pan_entry, hellmouth_3,
          st_stairs_4, nicolae_eternal_life, kennysheep_small_circle, uniq_mara
Depths:2: nooodl_heptagram, layout_cave_pools, hex_medium, serial_shops, shop,
          hell_entry, rand_demon_pan_entry_8, minmay_staircase_bubble, uniq_vv
Depths:3: giant_chief_lemuel, layout_twisted_cross, pf_hell_entry_great_geh,
          serial_shops, shop, abyss_entry, grunt_pan_entry_in_and_out,
          minmay_shop_star, infiniplex_staircase_x, firewood_loft
Depths:4: evilmike_zot_entry_basic, layout_cross, hell_entry, abyss_entry,
          infiniplex_staircase_pool_lava, uniq_josephina, uniq_enchantress,
          uniq_sojobo, uniq_parghit
Zot:1:    layout_onion_interference
Zot:2:    gammafunk_mikee_crab_dinner, layout_onion_interference,
          regret_index_zotdec_ex, hangedman_zot_decor_unnerving_road
Zot:3:    layout_twisted_circle, regret_index_zot_stipple_split,
          ebering_ghost_gozag
Zot:4:    layout_gridlike, regret_index_zotdec_golden_two_three
Zot:5:    layout_misc_corridors

Skill      XL: |  1  2  3  4  5  6  7  8  9 10 11 12 13 14 15 16 17 18 19 20 21 22 23 24 25 26 |
---------------+-------------------------------------------------------------------------------+-----
Throwing       | 2 3 4 5 6 7 9 10 11 12 13 14 15 16 17 18 19 | 19.6
Stealth        | 1 2 3 5 6 8 10 11 12 13 | 13.5
Fighting       | 3 4 5 6 7 9 10 12 13 15 17 18 20 21 22 | 22.0
Shields        | 1 2 3 4 6 7 9 10 11 12 13 14 15 16 17 18 19 20 | 20.6
Long Blades    | 4 6 8 10 12 13 | 13.8
Evocations     | 2 3 5 7 9 10 11 12 13 14 15 16 17 18 19 | 19.0
Dodging        | 4 6 8 9 10 11 12 13 14 15 | 15.5
Short Blades   | 2 |  2.8
Staves         | 3 6 8 9 11 12 | 12.0
Spellcasting   | 4 7 9 |  9.2
Necromancy     | 5 |  5.3
Ice Magic      | 1 4 |  4.9
Earth Magic    | 5 12 15 | 15.9
Alchemy        | 4 10 13 | 13.5
Hexes          | |  0.5

Action                     |  1- 3 |  4- 6 |  7- 9 | 10-12 | 13-15 | 16-18 | 19-21 | 22-24 | 25-27 || total
---------------------------+-------+-------+-------+-------+-------+-------+-------+-------+-------++-------
  Melee: Whip              |   102 |   288 |   338 |   199 |       |       |       |       |       ||   927
         Tailslap          |    11 |    44 |    58 |    71 |   264 |   287 |   395 |   626 |   281 ||  2037
         Long sword        |     5 |    41 |       |       |       |       |       |       |       ||    46
         Short sword       |       |       |    44 |     7 |       |       |       |       |       ||    51
         Staff             |       |       |       |   241 |  1174 |  1332 |  1416 |  1643 |   193 ||  5999
         Unarmed           |       |       |       |       |     2 |       |    12 |       |       ||    14
         Demon blade       |       |       |       |       |       |       |       |   550 |   843 ||  1393
         Peck              |       |       |       |       |       |       |       |       |    94 ||    94
  Throw: Dart              |       |     1 |     3 |    11 |     1 |     1 |       |     4 |       ||    21
         Javelin           |       |     2 |    19 |    26 |     3 |    40 |    33 |    55 |    37 ||   215
         Throwing net      |       |       |     3 |       |       |       |       |     2 |       ||     5
         Boomerang         |       |       |    22 |   129 |    79 |   244 |       |       |       ||   474
   Cast: Fugue of the Fall |       |       |       |       |       |       |       |     2 |       ||     2
         Ozocubu's Armour  |       |       |       |       |       |       |       |     2 |       ||     2
 Invoke: Potion Petition   |       |       |       |     1 |       |       |       |     3 |     6 ||    10
         Call Merchant     |       |       |       |     1 |       |     5 |     1 |     3 |       ||    10
         Bribe Branch      |       |       |       |       |       |       |       |       |     2 ||     2
Ability: Evoke the Staff o |       |       |       |    63 |    83 |    56 |    83 |    84 |    22 ||   391
  Evoke: Wand              |       |       |     2 |     4 |     2 |     5 |     7 |    15 |    17 ||    52
         Tin of tremorston |       |       |       |       |       |     2 |     6 |     7 |     2 ||    17
         Lightning rod     |       |       |       |       |       |     2 |       |     8 |     5 ||    15
         Phantom mirror    |       |       |       |       |       |     1 |     1 |     2 |     1 ||     5
         Box of beasts     |       |       |       |       |       |       |     3 |     3 |     2 ||     8
         Phial of floods   |       |       |       |       |       |       |     2 |     2 |       ||     4
    Use: Scroll            |       |    11 |     4 |    10 |    11 |     2 |     5 |    22 |     6 ||    71
         Potion            |       |       |     4 |     4 |     3 |     1 |     8 |     7 |    23 ||    50
   Stab: Sleeping          |     1 |    10 |     6 |     2 |    18 |    20 |    34 |    38 |     6 ||   135
         Held in net/web   |       |       |     1 |       |       |       |       |     1 |       ||     2
         Distracted        |       |       |       |     4 |    16 |    15 |    24 |    25 |    19 ||   103
         Paralysed         |       |       |       |       |       |       |       |     1 |       ||     1
 Armour: Skin              |    75 |   154 |   365 |   301 |   330 |   445 |   422 |   510 |   283 ||  2885
  Dodge: Dodged            |    70 |   148 |   221 |   219 |   173 |   322 |   380 |   662 |   418 ||  2613
  Block: Kite shield       |    22 |   159 |   326 |   337 |       |       |       |       |       ||   844
         Tower shield      |       |       |       |    51 |  1345 |  1995 |  1929 |  3075 |  1537 ||  9932
         Reflection        |       |       |       |       |       |       |       |    58 |    27 ||    85

Table legend: (Time is in decaauts)
 A = Elapsed time spent in this place.
 B = Non-inter-level travel time spent in this place.
 C = Inter-level travel time spent in this place.
 D = Time resting spent in this place.
 E = Time spent auto-exploring this place.
 F = Levels seen in this place.
 G = Mean time per level.
                   A        B        C        D        E       F      G
               +--------+--------+--------+--------+--------+-----+--------+
         Total |  72005 |  66240 |   5765 |   8554 |  36848 |  59 | 1220.4 |
       Dungeon |  19982 |  17317 |   2665 |   1802 |  10578 |  15 | 1332.1 |
        Temple |     16 |     16 |      0 |      0 |      0 |   1 |   16.0 |
          Lair |   6594 |   5948 |    646 |    179 |   4151 |   5 | 1318.8 |
         Swamp |   3217 |   3081 |    136 |    141 |   2012 |   4 |  804.2 |
     Snake Pit |   4894 |   4757 |    137 |     51 |   3193 |   4 | 1223.5 |
    Slime Pits |   3190 |   3116 |     74 |   1441 |    521 |   5 |  638.0 |
  Orcish Mines |   3410 |   3225 |    185 |    844 |   1703 |   2 | 1705.0 |
   Elven Halls |   4189 |   4031 |    158 |    279 |   2355 |   3 | 1396.3 |
        Vaults |   8671 |   7804 |    867 |    220 |   4757 |   5 | 1734.2 |
        Depths |   7965 |   7215 |    750 |   1389 |   3415 |   4 | 1991.2 |
           Zot |   7848 |   7705 |    143 |   2105 |   3695 |   5 | 1569.6 |
         Abyss |     77 |     77 |      0 |      0 |      0 |   2 |   38.5 |
        Bazaar |    131 |    131 |      0 |      0 |      3 |   1 |  131.0 |
         Trove |     47 |     47 |      0 |      0 |      0 |   1 |   47.0 |
    Desolation |   1050 |   1050 |      0 |      9 |    261 |   1 | 1050.0 |
      Gauntlet |    716 |    716 |      0 |     92 |    204 |   1 |  716.0 |
               +--------+--------+--------+--------+--------+-----+--------+

Top non-repeatable levels by time:
Depths:3: 3032 daAuts
     D:8: 2877 daAuts
   Zot:5: 2692 daAuts
   Orc:2: 2485 daAuts
     D:5: 2128 daAuts
Depths:2: 2025 daAuts
Vaults:2: 1907 daAuts
   Elf:3: 1890 daAuts
Vaults:4: 1758 daAuts
  Lair:5: 1745 daAuts
Vaults:3: 1730 daAuts
 Slime:5: 1719 daAuts
 Snake:1: 1670 daAuts
Vaults:1: 1656 daAuts
Vaults:5: 1618 daAuts
